 Dungeon Crawl Stone Soup version 0.28-a0-514-g0d7ab7f379 (webtiles) character file.

Game seed: 5009847446272262399

550317 emiel the Impregnable (level 26, -16/219 HPs)
             Began as a Barachi Wanderer on Sept 22, 2021.
             Was the Champion of Cheibriados.
             Demolished by an Orb Guardian (38 damage)
             ... on level 5 of the Realm of Zot.
             The game lasted 01:39:17 (56926 turns).

emiel the Impregnable (Barachi Wanderer)           Turns: 56926, Time: 01:39:17

Health: -16/219    AC: 44    Str: 34    XL:     26   Next: 29%
Magic:  24/42      EV: 25    Int: 37    God:    Cheibriados [******]
Gold:   784        SH: 18    Dex: 27    Spells: 31/55 levels left

rFire   + + .      SeeInvis .   E - +9 demon blade (flame)
rCold   + . .      Faith    .   y - +0 kite shield {reflect}
rNeg    . . .      Spirit   .   D - +9 storm dragon scales {Bai Suzhen}
rPois   +          Reflect  +   P - +2 helmet
rElec   +          Harm     .   Z - +2 cloak {Will+}
rCorr   .          Rampage  .   V - +2 pair of gloves {Dex+3}
Will    +++..                   F - +1 pair of boots of Fampiage {rPois}
Stlth   ..........              C - amulet of regeneration
HPRegen 0.00/turn               j - +4 ring of slaying
MPRegen 0.28/turn               X - ring "Cudeth" {rF++ rC+ Will+ Int+2}

@: about to teleport, inhibited regen, studying Throwing, very slow
A: amphibious, slowness 1, strong legs 2, +LOS, clumsy 1, inhibited regeneration
}: 3/15 runes: serpentine, barnacled, silver
a: Hop, Renounce Religion, Bend Time, Temporal Distortion, Slouch, Step From
Time


You were on level 5 of the Realm of Zot.
You worshipped Cheibriados.
Cheibriados was exalted by your worship.
You visited 10 branches of the dungeon, and saw 49 of its levels.
You visited the Abyss 1 time.
You also visited: Gauntlet and Ice Cave.

You collected 6051 gold pieces.
You spent 5267 gold pieces at shops.

Inventory:

Hand Weapons
 E - a +9 demon blade of flaming (weapon)
   (You took it off Asterion on level 1 of the Snake Pit)
Missiles
 a - 8 throwing nets (quivered)
Armour
 o - a scarf of repulsion
   (You found it on level 3 of the Vaults)
 y - a +0 kite shield of reflection (worn)
   (You took it off a tengu warrior on level 3 of the Depths)
 D - +9 storm dragon scales (worn) {Bai Suzhen}
   (You found it on level 4 of the Vaults)
 F - the +1 pair of boots of Fampiage (worn) {rPois}
   (You acquired it on level 3 of the Vaults)

   rPois:     It protects you from poison.
 J - a +2 cloak of poison resistance
   (You found it on level 3 of the Elven Halls)
 P - a +2 helmet (worn)
   (You found it on level 8 of the Dungeon)
 V - a +2 pair of gloves of dexterity (worn)
   (You bought it in a shop on level 2 of the Orcish Mines)
 Z - a +2 cloak of willpower (worn)
   (You found it on level 3 of the Vaults)
Jewellery
 i - a ring of see invisible
   (You found it on level 1 of the Snake Pit)
 j - a +4 ring of slaying (left hand)
   (You found it on level 6 of the Lair of Beasts)
 m - a ring of positive energy
   (You took it off a kobold on level 4 of the Dungeon)
 s - a ring of wizardry
   (You found it on level 3 of the Elven Halls)
 C - an amulet of regeneration (around neck)
   (You found it on level 4 of the Dungeon)
 O - an amulet of reflection
   (You took it off a spriggan air mage on level 2 of the Depths)
 U - the ring "Fol Pyuk" {rPois Will+}
   (You took it off a deep elf death mage on level 3 of the Elven Halls)

   [ring of willpower]

   rPois:     It protects you from poison.
   Will:      It increases your willpower.
 X - the ring "Cudeth" (right hand) {rF++ rC+ Will+ Int+2}
   (You bought it in a shop on level 2 of the Orcish Mines)

   [ring of protection from cold]

   Int:       It affects your intelligence (+2).
   rF:        It greatly protects you from fire.
   rC:        It protects you from cold.
   Will:      It increases your willpower.
Wands
 l - a wand of flame (188)
   (You found it on level 2 of the Dungeon)
 v - a wand of digging (20)
   (You found it on level 8 of the Dungeon)
 A - a wand of acid (26)
   (You found it on level 4 of the Lair of Beasts)
 H - a wand of polymorph (27)
   (You found it on level 7 of the Dungeon)
 K - a wand of charming (26)
   (You found it in an ice cave)
 L - a wand of iceblast (42)
   (You found it on level 5 of the Dungeon)
 Q - a wand of mindburst (68)
   (You took it off a wight on level 9 of the Dungeon)
 Y - a wand of paralysis (21)
   (You found it on level 12 of the Dungeon)
Scrolls
 b - 2 scrolls of silence
 c - 4 scrolls of torment
 e - 4 scrolls of vulnerability
 f - 3 scrolls of magic mapping
 g - 6 scrolls of amnesia
 r - 5 scrolls of identify
 t - 21 scrolls of teleportation
 x - 5 scrolls of fog
 z - 10 scrolls of blinking
 B - 2 scrolls of immolation
 I - 3 scrolls of holy word
 R - 5 scrolls of fear
 T - 3 scrolls of summoning
Potions
 d - 9 potions of might
 h - 5 potions of attraction
 n - 2 potions of resistance
 p - 3 potions of mutation
 q - 11 potions of curing
 u - 5 potions of flight
 w - 7 potions of heal wounds
 G - 6 potions of cancellation
 M - 8 potions of ambrosia
 N - 4 potions of magic
 S - 6 potions of lignification
 W - 7 potions of brilliance
Miscellaneous
 k - a condenser vane
   (You found it on level 3 of the Elven Halls)


   Skills:
 + Level 20.4 Fighting
 - Level 14.0 Long Blades
 - Level 1.0 Throwing
 + Level 22.5 Armour
 + Level 17.1 Dodging
 - Level 1.7 Stealth
 - Level 20.8 Shields
 - Level 15.0 Spellcasting
 - Level 15.0 Conjurations
 - Level 6.0 Summonings
 - Level 8.0 Necromancy
 - Level 3.0 Translocations
 - Level 8.0 Ice Magic
 - Level 15.0 Earth Magic
 - Level 12.0 Invocations
 - Level 7.0 Evocations


You had 31 spell levels left.
You knew the following spells:

 Your Spells              Type           Power      Damage    Failure   Level
a - Frozen Ramparts       Ice            100%       1d12      1%          3
b - Borgnjor's Vile Clut  Necr/Erth      42%        N/A       1%          5
c - Stone Arrow           Conj/Erth      100%       3d13      1%          3
d - Animate Armour        Summ/Erth      100%       N/A       1%          4
e - Iron Shot             Conj/Erth      47%        9d9       1%          6
f - Blink                 Tloc           N/A        N/A       1%          2
g - Apportation           Tloc           98%        N/A       1%          1

Your spell library contained the following spells:

 Spells                   Type           Power      Damage    Failure   Level
 Sandblast                Erth           100%       2d20      0%          1
 Foxfire                  Conj/Fire      100%       2x1d9     1%          1
 Freeze                   Ice            100%       1d11      1%          1
 Call Imp                 Summ           64%        N/A       1%          2
 Corpse Rot               Necr/Air       N/A        N/A       1%          2
 Passwall                 Tmut/Erth      58%        N/A       1%          2
 Static Discharge         Conj/Air       70%        N/A       1%          2
 Sublimation of Blood     Necr           36%        N/A       1%          2
 Conjure Flame            Conj/Fire      70%        6-21      1%          3
 Dazzling Flash           Conj/Hex       100%       N/A       1%          3
 Mephitic Cloud           Conj/Pois/Air  59%        N/A       1%          3
 Vampiric Draining        Necr           36%        2d11      1%          3
 Animate Dead             Necr           36%        N/A       1%          4
 Dispel Undead            Necr           72%        3d24      1%          4
 Flame Wave               Conj/Fire      70%        3d12      1%          4
 Fulminant Prism          Conj/Hex       35%        3d18      1%          4
 Hailstorm                Conj/Ice       85%        3d17      1%          4
 Iskenderun's Mystic Bla  Conj/Tloc      76%        2d15      1%          4
 Sticky Flame             Conj/Fire      70%        2d8       1%          4
 Iskenderun's Battlesphe  Conj           95%        2d14      1%          5
 Lee's Rapid Deconstruct  Erth           47%        3d24*     1%          5
 Beastly Appendage        Tmut           54%        N/A       2%          1
 Sting                    Tmut/Pois      100%       1d8       2%          1
 Lesser Beckoning         Tloc           49%        N/A       2%          3
 Summon Guardian Golem    Hex/Summ       49%        N/A       2%          3
 Agony                    Necr           72%        N/A       2%          5
 Fireball                 Conj/Fire      35%        3d15      3%          5
 Irradiate                Conj/Tmut      35%        3d25      3%          5
 Lightning Bolt           Conj/Air       35%        1d53      3%          5
 Poisonous Vapours        Pois/Air       54%        N/A       4%          2
 Slow                     Hex            27%        N/A       4%          2
 Wereblood                Tmut           27%        N/A       4%          2
 Orb of Destruction       Conj           47%        9d15      4%          7
 Summon Lightning Spire   Summ/Air       49%        N/A       8%          4
 Confusing Touch          Hex            27%        N/A       9%          3
 Inner Flame              Hex/Fire       27%        N/A       9%          3
 Spider Form              Tmut/Pois      13%        N/A       9%          3
 Swiftness                Air            27%        N/A       9%          3
 Conjure Ball Lightning   Conj/Air       35%        3x3d11    19%         6
 Starburst                Conj/Fire      35%        6d10      19%         6
 Manifold Assault         Tloc           49%        N/A       22%         5
 Olgreb's Toxic Radiance  Pois           27%        N/A       26%         4
 Spellforged Servitor     Conj/Summ      40%        N/A       30%         7
 Lehudib's Crystal Spear  Conj/Erth      47%        10d11     36%         8
 Alistair's Intoxication  Tmut/Pois      18%        N/A       58%         5
 Blade Hands              Tmut           13%        N/A       58%         5
 Silence                  Hex/Air        13%        N/A       58%         5
 Haunt                    Necr/Summ      34%        N/A       78%         7
 Eringya's Noxious Bog    Tmut/Pois      13%        N/A       99%         6
 Invisibility             Hex            13%        N/A       99%         6
 Storm Form               Tmut/Air       13%        N/A       100%        7
 Ignition                 Fire           13%        3d6       100%        8
 Infestation              Necr           36%        N/A       100%        8
 Maxwell's Capacitive Co  Air            13%        ∞         100%        8
 Summon Horrible Things   Summ           32%        N/A       100%        8


Dungeon Overview and Level Annotations

Branches:
Dungeon (15/15)            Temple (1/1) D:4            Lair (6/6) D:9
 Shoals (4/4) Lair:3        Snake (4/4) Lair:4        Slime (0/5) Lair:6
    Orc (2/2) D:9             Elf (3/3) Orc:2        Vaults (5/5) D:13
  Crypt (0/3) Vaults:2     Depths (4/4) D:15            Zot (5/5) Depths:4
  IceCv (visited)         Gauntlet (visited)

Altars:
Ashenzari
Cheibriados
Dithmenos
Elyvilon
Fedhas
Gozag
Hepliaklqana
Kikubaaqudgha
Makhleb
Nemelex Xobeh
Okawaru
Qazlal
Ru
Sif Muna
Trog
Uskayaw
Vehumet
Wu Jian
Xom
Yredelemnul
Zin
The Shining One
Beogh
Jiyva

Shops:
D:1 :   D:4 ?[[*   D:7 :   D:9 (*?=!=   Orc:2 ===[:[*   Elf:1 *?(   Snake:2 *
Vaults:2 :   Vaults:3 (   Depths:1 !*:?

Portals:
Hell: Depths:1 Depths:3 Depths:4
Abyss: Depths:3
Ziggurat: Depths:1

Annotations:
D:7 1 runed translucent door, Crazy Yiuf
D:13 3 runed translucent doors, Huifron's ghost, journeyman GnTm
D:15 Roxanne
Lair:5 exclusion: oklob plant
Lair:6 exclusion: 4 oklob plants
Depths:3 1 runed translucent door, Qipyogro's ghost, adept MfGl
Zot:5 2 exclusions


Innate Abilities, Weirdness & Mutations

You are amphibious.
You cover ground slowly.
You can hop long distances.
You have an extended range of vision and can be seen from far away.
You are clumsy. (Dex -2)
You do not regenerate when monsters are visible.


Message History

The storm dragon claws you but does no damage.
The storm dragon tramples you but does no damage.
The Orb Guardian closely misses you.
A Killer Klown comes into view.
It is wielding a +9 club of electrocution.
The death cob completely misses you.
Unknown command.
You block the Orb Guardian's attack. The Orb Guardian misses you.
The death cob completely misses you. The Orb Guardian barely misses you.
You block the Orb Guardian's attack. The Orb Guardian hits you!!
* * * LOW HITPOINT WARNING * * *
The Orb Guardian hits you but does no damage.
The white draconian completely misses you.
The Brimstone Fiend calls on the powers of darkness!
The green draconian convulses!
Your body is wracked with pain!
* * * LOW HITPOINT WARNING * * *
The moth of wrath convulses!
The Orb Guardian convulses!
The white draconian convulses!
The Orb Guardian convulses!
The storm dragon convulses!
The Orb Guardian convulses!
The Killer Klown convulses!
The Orb Guardian hits you!
* * * LOW HITPOINT WARNING * * *
The Killer Klown blinks!
The Orb Guardian barely misses you.
The moth of wrath goads the storm dragon on!
The storm dragon goes berserk!
The white draconian hits you but does no damage.
The Orb Guardian completely misses you. The Orb Guardian misses you.
The storm dragon completely misses you.
The storm dragon claws you but does no damage.
The storm dragon tramples you.
* * * LOW HITPOINT WARNING * * *
You hold your ground!
You feel much better. You block the Orb Guardian's attack.
The Orb Guardian misses you. You block the white draconian's attack.
The storm dragon completely misses you.
The storm dragon claws you but does no damage.
The storm dragon completely misses you. You block the green draconian's attack.
The orb of fire glows deep purple.
The bolt of fire hits you! You resist.
* * * LOW HITPOINT WARNING * * *
The Orb Guardian closely misses you. The Orb Guardian hits you!!!
You die...

#............# #.#..# #...# #.
############### ▓▓▓########.#####
,,,,,.........## #.............
,,,,,.......^..## ##............
,^,,,..........^## #............
,,,^,............# ##...........
,,,,,............# #.......[...
,,,,,..........LD# ##...........
,,,,,.......1.d*@# #............
,,,,,..^.^....zXX# ##^......(....
,^,,,.......9.dyX###......^......
,,,,,...§.....).###...###########
,,,,,.......*.^##....## #
,,,,,...........^†.###
*^,,,.##▓▓▓▓▓▓▓▓▓▓▓#
,,,,,,,,,,,,^,,****
,,,,,,^,,,,,,,,,,,***


You could see 2 orbs of fire, an electric golem, a dread lich (fast), a storm
dragon (berserk), a Brimstone Fiend (summoned), a green draconian (berserk), a
white draconian (berserk), a death cob, 3 Orb Guardians and a moth of wrath.

Vanquished Creatures
  3 dread liches
  An orb of fire (Zot:2)
  An ancient lich (Vaults:4)
  2 juggernauts
  Sojobo (Vaults:5)
  Bai Suzhen (Vaults:4)
  A caustic shrike (Depths:2)
  Xtahua (Vaults:4)
  A curse toe (Zot:5)
  Nikola (Snake:2)
  7 golden dragons
  Jory (Vaults:5)
  15 tentacled monstrosities
  2 liches
  7 Orb Guardians (Zot:5)
  2 Hell Sentinels (Abyss:2)
  Asterion (Snake:1)
  Rupert (Orc:2)
  6 titans
  2 deep elf blademasters
  3 quicksilver dragons
  A deep elf master archer (Elf:3)
  8 sphinxes
  Agnes (D:14)
  A tentacled starspawn (Abyss:2)
  13 tengu reavers
  7 krakens
  8 shadow dragons
  6 death cobs
  Kirke (D:14)
  3 draconian monks
  3 nagarajas
  8 storm dragons
  A shadow dragon (shapeshifter) (Vaults:5)
  2 draconian knights
  9 deep elf sorcerers
  9 frost giants
  10 fire giants
  3 ghost moths
  2 iron dragons
  20 vault wardens
  A balrug (Depths:3)
  3 draconian shifters
  2 draconian scorchers
  2 walking frostbound tomes (Depths:3)
  Aizul (Elf:1)
  Louise (Shoals:1)
  4 deep elf elementalists (Elf:3)
  19 ironbound preservers
  13 stone giants
  2 draconian annihilators (Zot:2)
  2 black draconians
  18 very ugly things
  4 vampire knights (Depths:2)
  3 war gargoyles (Vaults:5)
  8 deep elf demonologists
  2 elemental wellsprings (Shoals:2)
  Nessos (D:14)
  2 green draconians
  5 white draconians
  2 purple draconians
  A bunyip (shapeshifter) (Vaults:5)
  Azrael (Elf:1)
  5 yellow draconians
  3 dire elephants
  A spark wasp (shapeshifter) (Depths:4)
  2 spark wasps (Depths:4)
  A red draconian (Zot:3)
  6 deep elf annihilators
  7 deep elf death magi (Elf:3)
  4 merfolk javelineers
  2 crystal guardians (Vaults:3)
  Snorg (D:13)
  A blizzard demon (Depths:3)
  8 fire dragons
  18 ettins
  5 deep elf high priests
  11 great orbs of eyes
  Fannar (Lair:3)
  7 merfolk impalers
  Harold (Lair:2)
  15 yaktaur captains
  12 hydras
  6 ice dragons
  7 rakshasas
  36 vault guards
  12 naga warriors
  8 ironbound thunderhulks
  16 anacondas
  16 centaur warriors
  9 spriggan air magi
  3 salamander tyrants (Snake:4)
  11 ironbound frosthearts
  8 merfolk aquamancers
  A peacekeeper (Vaults:3)
  2 catoblepae
  2 alligator snapping turtles
  6 boulder beetles
  A hell beast (Depths:3)
  9 ogre magi
  8 merfolk avatars
  4 satyrs
  An alligator (Shoals:3)
  8 tengu warriors
  26 slime creatures
  31 two-headed ogres
  5 spriggan berserkers (Depths:4)
  7 deep troll shamans
  23 dancing weapons
  12 hell knights
  8 deep troll earth magi
  2 thrashing horrors (Abyss:2)
  A soul eater (Depths:3)
  3 vampire magi
  4 spriggans (Depths:4)
  8 naga sharpshooters
  Urug (D:12)
  7 shock serpents
  18 deep elf knights
  4 iron trolls
  8 skeletal warriors
  A wretched star (Abyss:2)
  2 salamander mystics (Snake:4)
  2 goliath frogs (Lair:6)
  2 flayed ghosts (Depths:3)
  9 glowing orange brains
  12 wizards
  7 sea snakes
  55 deep trolls
  5 deep elf archers
  18 ironbound convokers
  5 naga ritualists
  2 phantasmal warriors (Vaults:4)
  An orb spider (shapeshifter) (Vaults:4)
  5 orc knights
  6 mana vipers
  36 deep elf pyromancers
  28 deep elf zephyrmancers
  15 harpies
  8 necromancers
  17 fauns
  A stone giant zombie (Vaults:1)
  A mana viper (shapeshifter) (Depths:4)
  2 orc sorcerers
  A worldbinder (Abyss:2)
  7 salamanders
  52 ugly things
  25 manticores
  10 merfolk sirens
  8 cyclopes
  13 naga magi
  30 black mambas
  An elephant (shapeshifter) (D:13)
  12 moths of wrath
  4 guardian serpents (Snake:4)
  6 water nymphs
  23 cane toads
  20 vault sentinels
  An unseen horror (shapeshifter) (D:15)
  2 rime drakes
  17 yaktaurs
  An efreet (D:15)
  12 komodo dragons
  3 freezing wraiths
  4 tengu conjurers
  An ancient zyme (Abyss:2)
  6 meliai
  19 merfolk
  A polar bear (Lair:4)
  8 wind drakes
  A queen bee (Lair:2)
  8 trolls
  3 tyrant leeches (Lair:6)
  4 hornets (Depths:4)
  A tyrant leech (shapeshifter) (Vaults:4)
  An ettin zombie (Vaults:1)
  2 hornets (shapeshifter)
  A dream sheep (shapeshifter) (Depths:4)
  35 blink frogs
  3 snapping turtles
  4 dream sheep (Shoals:2)
  5 raiju (Abyss:2)
  A large abomination (Abyss:2)
  A snapping turtle (shapeshifter) (Vaults:5)
  3 wraiths
  Sigmund (D:4)
  A redback (shapeshifter) (Depths:3)
  8 fire elementals
  14 water elementals
  3 air elementals
  2 wyverns (Lair:2)
  67 yaks
  A shadow (D:11)
  2 basilisks
  2 hogs (D:14)
  A ynoxinul (Abyss:2)
  2 fire bats (Depths:3)
  A hog (shapeshifter) (D:13)
  6 humans (D:9)
  A steam dragon (D:9)
  An elf skeleton (Vaults:1)
  9 vampire mosquitoes
  A warg (Orc:2)
  3 acid dragons
  33 nagas
  12 water moccasins
  A floating eye (Depths:4)
  4 hell hounds (Elf:1)
  21 orc warriors
  2 black bears
  A black bear (shapeshifter) (D:14)
  2 sky beasts
  2 human zombies (Vaults:1)
  A necrophage (D:8)
  39 ogres
  10 wolves
  A small abomination (Abyss:2)
  A boggart (Vaults:1)
  17 centaurs
  A phantom (D:6)
  2 kobold brigands
  19 bullfrogs
  3 human skeletons (Vaults:1)
  8 earth elementals
  A wyvern zombie (D:7)
  A gnoll sergeant (D:9)
  3 scorpions
  2 cane toad simulacra (IceCv)
  2 water moccasin skeletons
  34 killer bees
  10 wights
  An electric eel (Lair:1)
  2 howler monkeys
  3 centaur zombies (D:10)
  A bullfrog zombie (D:6)
  9 orc priests
  A jelly (D:7)
  A centaur skeleton (D:7)
  3 hounds
  3 bullfrog skeletons
  A gnoll shaman (D:8)
  2 iguanas (D:5)
  17 orc wizards
  A polar bear simulacrum (IceCv)
  2 troll simulacra (D:11)
  2 wolf simulacra (IceCv)
  A hound skeleton (D:4)
  9 gnolls
  10 adders
  2 shadow imps (D:7)
  A white imp (D:6)
  An ufetubus (D:6)
  An adder skeleton (D:4)
  2 dart slugs (D:1)
  66 orcs
  9 ball pythons
  7 bats
  10 endoplasms
  2 giant cockroaches
  12 hobgoblins
  10 jackals
  6 quokkas
  6 frilled lizards
  9 goblins
  19 kobolds
  4 rats
  A butterfly (Lair:1)
  A lurking horror (Abyss:2)
  25 tentacles
1948 creatures vanquished.

Vanquished Creatures (collateral kills)
  Frederick (Vaults:5)
  A deep elf blademaster (Elf:3)
  A deep elf master archer (Elf:3)
  2 frost giants
  A fire giant (Vaults:3)
  A ghost moth (Zot:5)
  2 vault wardens
  An ironbound preserver (Vaults:3)
  A very ugly thing (Depths:4)
  A deep elf demonologist (Elf:3)
  A spark wasp (Depths:4)
  2 deep elf annihilators
  An ice dragon (Depths:2)
  A vault guard (Vaults:3)
  A two-headed ogre (Vaults:4)
  A deep troll earth mage (Depths:3)
  A wizard (Vaults:1)
  A slime creature (Vaults:1)
21 creatures vanquished.

Vanquished Creatures (others)
  2 anacondas (Snake:2)
  A shock serpent (Snake:2)
  A salamander mystic (Snake:2)
  3 wizards
  2 necromancers (Depths:2)
  A naga mage (Snake:2)
  A black mamba (Snake:2)
  A naga (Snake:2)
  26 fungi
  180 plants
  2 starspawn tentacles (Abyss:2)
  43 tentacles
263 creatures vanquished.

Grand Total: 2232 creatures vanquished

Notes
Turn   | Place    | Note
-------+----------+-------------------------------------------
     0 | D:1      | emiel the Barachi Wanderer began the quest for the Orb.
     0 | D:1      | emiel set off with the following items: a +2 falchion, a
                  | potion of lignification, a +0 robe, a +0 dagger; and the
                  | following spells available to memorise: Corpse Rot,
                  | Sublimation of Blood
     0 | D:1      | Reached XP level 1. HP: 13/13 MP: 4/4
   123 | D:1      | Found Elakydgh's Book Emporium.
   339 | D:1      | Reached XP level 2. HP: 19/19 MP: 6/6
  1347 | D:1      | Reached XP level 3. HP: 24/24 MP: 7/7
  2279 | D:2      | Reached skill level 5 in Long Blades
  2339 | D:2      | Reached XP level 4. HP: 11/30 MP: 8/8
  2757 | D:2      | Found a faded altar of an unknown god.
  3284 | D:2      | Identified a scroll of acquirement
  3286 | D:2      | Acquired 417 gold pieces
  3808 | D:3      | Reached XP level 5. HP: 17/35 MP: 9/9
  4607 | D:3      | Reached XP level 6. HP: 41/41 MP: 10/10
  4764 | D:4      | Reached skill level 1 in Fighting
  4764 | D:4      | Reached skill level 1 in Armour
  4764 | D:4      | Reached skill level 1 in Dodging
  4852 | D:4      | Noticed Sigmund
  4858 | D:5      | Entered Level 5 of the Dungeon
  5285 | D:4      | Found Sicolack's Jewellery Emporium.
  5358 | D:4      | Reached skill level 2 in Armour
  5358 | D:4      | Reached XP level 7. HP: 50/50 MP: 11/11
  5372 | D:4      | Killed Sigmund
  5373 | D:4      | Reached skill level 1 in Evocations
  5379 | D:4      | Found a staircase to the Ecumenical Temple.
  5389 | D:4      | Found Soisos's Antique Armour Shoppe.
  5403 | D:4      | Bought a glowing kite shield for 120 gold pieces
  5407 | D:4      | Found Etail's Assorted Antiques.
  5414 | D:4      | Bought a shiny tourmaline ring for 105 gold pieces
  5414 | D:4      | Bought a silvery potion for 18 gold pieces
  5476 | D:4      | Found Xinai's Antique Armour Shop.
  5479 | D:4      | Bought a glowing chain mail for 187 gold pieces
  5520 | D:4      | Found Raziemiqud's Magic Scroll Emporium.
  5533 | D:4      | Reached skill level 1 in Shields
  5543 | D:4      | Bought 3 scrolls of magic mapping for 147 gold pieces
  5543 | D:4      | Bought a scroll of fog for 28 gold pieces
  5676 | Temple   | Entered the Ecumenical Temple
  5779 | Temple   | Became a worshipper of Cheibriados the Contemplative
  5966 | D:5      | Reached XP level 8. HP: 49/58 MP: 12/12
  5998 | D:5      | Reached skill level 3 in Armour
  6564 | D:5      | Reached * piety under Cheibriados
  7466 | D:6      | Reached skill level 4 in Armour
  7506 | D:6      | Reached ** piety under Cheibriados
  7507 | D:6      | Reached XP level 9. HP: 65/65 MP: 13/13
  7700 | D:7      | Reached skill level 10 in Long Blades
  7714 | D:7      | Identified the +1 leather armour "Gushewepio" {rF+ rN+
                  | Regen+ Str-5}
  7780 | D:7      | Reached skill level 5 in Shields
  7913 | D:7      | Identified the +5 flail "Feczuxio" {venom, Int+4}
  7922 | D:7      | Found a runed translucent door.
  7923 | D:7      | Noticed Crazy Yiuf
  7975 | D:7      | Found Syklot's Book Shop.
  8106 | D:7      | Identified the +8 mace "Dyfufek" {freeze, rElec rF+++ Str+5
                  | Int-4}
  8270 | D:7      | Reached skill level 5 in Fighting
  8270 | D:7      | Reached skill level 5 in Armour
  8585 | D:8      | Found a shimmering blue altar of Sif Muna.
  8699 | D:8      | Reached *** piety under Cheibriados
  8753 | D:8      | Reached skill level 1 in Invocations
  8793 | D:8      | Reached XP level 10. HP: 56/74 MP: 14/14
  8821 | D:8      | Reached skill level 6 in Armour
  8983 | D:8      | Learned a level 3 spell: Frozen Ramparts
  9186 | D:9      | Found Bios's Weapon Shoppe.
  9200 | D:9      | Found Tuomiar's Magic Scroll Shoppe.
  9221 | D:9      | Noticed a two-headed ogre
  9244 | D:9      | Reached **** piety under Cheibriados
  9249 | D:9      | Killed a two-headed ogre
  9263 | D:9      | Bought a scroll of blinking for 120 gold pieces
  9263 | D:9      | Found Raedihiuph's Jewellery Shop.
  9265 | D:9      | Found Weev's Elemental Accessories.
  9311 | D:9      | Noticed a two-headed ogre
  9319 | D:9      | Killed a two-headed ogre
  9341 | D:9      | Reached skill level 7 in Armour
  9372 | D:9      | Found a staircase to the Orcish Mines.
  9395 | D:9      | Found a staircase to the Lair.
  9409 | D:9      | Reached XP level 11. HP: 79/79 MP: 15/15
  9563 | D:9      | Found Kitet's Distillery.
  9580 | D:9      | Found Qomorphea's Jewellery Shoppe.
  9600 | D:9      | Noticed a two-headed ogre
  9610 | D:9      | Killed a two-headed ogre
  9874 | D:9      | Reached ***** piety under Cheibriados
 10305 | D:10     | Entered Level 10 of the Dungeon
 10883 | D:10     | Noticed a two-headed ogre
 10894 | D:10     | Killed a two-headed ogre
 10895 | D:10     | Reached skill level 8 in Armour
 10895 | D:10     | Reached skill level 10 in Shields
 11104 | D:11     | Found a frozen archway.
 11138 | D:11     | Found a gate leading to a gauntlet.
 11145 | Gauntlet | Entered a Gauntlet
 11145 | Gauntlet | Noticed a glowing orange brain
 11145 | Gauntlet | Noticed a purple ugly thing
 11145 | Gauntlet | Noticed a brown ugly thing
 11145 | Gauntlet | Found a transporter.
 11145 | Gauntlet | Found a transporter.
 11145 | Gauntlet | Found a transporter.
 11146 | Gauntlet | Found a transporter.
 11150 | Gauntlet | Found a transporter.
 11161 | Gauntlet | Found a transporter.
 11164 | Gauntlet | Found a transporter.
 11167 | Gauntlet | Noticed a moth of wrath
 11169 | Gauntlet | Found a transporter.
 11182 | Gauntlet | Found a transporter.
 11182 | Gauntlet | Found a transporter.
 11191 | Gauntlet | Noticed a necromancer
 11204 | Gauntlet | Found a transporter.
 11228 | Gauntlet | Noticed a soul eater
 11229 | Gauntlet | Found a transporter.
 11293 | Gauntlet | Noticed a death yak
 11294 | Gauntlet | Noticed a death yak
 11294 | Gauntlet | Noticed a death yak
 11295 | Gauntlet | Noticed a death yak
 11295 | Gauntlet | Noticed a death yak
 11336 | IceCv    | Entered an ice cave
 11336 | IceCv    | Noticed a white ugly thing
 11336 | IceCv    | Found a transporter.
 11342 | IceCv    | Killed a white ugly thing
 11412 | IceCv    | Noticed a white ugly thing
 11414 | IceCv    | Found a transporter.
 11682 | D:11     | Reached skill level 5 in Invocations
 11693 | D:11     | Reached XP level 12. HP: 41/86 MP: 8/18
 12005 | D:11     | Found an opulent altar of Gozag.
 12344 | Lair:1   | Entered Level 1 of the Lair of Beasts
 12365 | Lair:1   | Noticed a five-headed hydra
 12378 | Lair:1   | Killed a five-headed hydra
 12413 | Lair:1   | Noticed a four-headed hydra
 12426 | Lair:1   | Killed a four-headed hydra
 12806 | Lair:1   | Reached skill level 5 in Spellcasting
 12880 | Lair:1   | Reached skill level 5 in Ice Magic
 13003 | D:9      | Bought a scroll of brand weapon for 320 gold pieces
 13611 | Lair:2   | Noticed Sonja
 13618 | Lair:2   | Noticed Sonja
 13618 | Lair:2   | Sonja changed into Sonja the wyvern
 13627 | Lair:2   | Killed Sonja the wyvern
 13966 | Lair:2   | Noticed a four-headed hydra
 13974 | Lair:2   | Killed a one-headed hydra
 14112 | Lair:2   | Reached skill level 9 in Armour
 14198 | Lair:2   | Noticed Harold
 14205 | Lair:2   | Killed Harold
 14548 | Lair:3   | Gained mutation: You can hop long distances. [Barachi
                  | growth]
 14548 | Lair:3   | Reached XP level 13. HP: 91/91 MP: 16/20
 14565 | Lair:3   | Reached ****** piety under Cheibriados
 14799 | Lair:3   | Reached skill level 10 in Armour
 14909 | Lair:3   | Found a staircase to the Shoals.
 14917 | Lair:3   | Noticed Fannar
 14941 | Lair:3   | Killed Fannar
 15238 | D:9      | Bought a scroll of enchant weapon for 120 gold pieces
 15981 | Lair:4   | Found a staircase to the Snake Pit.
 17016 | Lair:5   | You fall into a shaft and drop 1 floor!
 17016 | Lair:6   | Entered Level 6 of the Lair of Beasts
 17026 | Lair:6   | Reached skill level 11 in Armour
 17033 | Lair:6   | Reached skill level 15 in Shields
 17104 | Lair:6   | Reached XP level 14. HP: 103/103 MP: 15/21
 17210 | Lair:6   | Reached skill level 12 in Armour
 17388 | Lair:6   | Reached skill level 10 in Fighting
 17575 | Lair:6   | Found a viscous altar of Jiyva.
 17576 | Lair:6   | Found a staircase to the Slime Pits.
 18879 | Orc:1    | Entered Level 1 of the Orcish Mines
 19080 | Orc:2    | Entered Level 2 of the Orcish Mines
 19080 | Orc:2    | Found Liezock's Book Emporium.
 19080 | Orc:2    | Found Fur Ziav's Assorted Antiques.
 19095 | Orc:2    | Found Xuablal's Armour Emporium.
 19175 | Orc:2    | Found a burning altar of Makhleb.
 19179 | Orc:2    | Noticed Rupert
 19192 | Orc:2    | Killed Rupert
 19210 | Orc:2    | Found a staircase to the Elven Halls.
 19240 | Orc:2    | Found Anothar's Armour Boutique.
 19240 | Orc:2    | Found Aguumen's Jewellery Shoppe.
 19243 | Orc:2    | Reached skill level 13 in Armour
 19243 | Orc:2    | Reached skill level 5 in Dodging
 19243 | Orc:2    | Reached XP level 15. HP: 114/119 MP: 16/22
 19244 | Orc:2    | Found Itaicseps's Jewellery Shoppe.
 19244 | Orc:2    | Found Riblot's Jewellery Shop.
 20024 | Orc:2    | Bought a +2 pair of gloves of dexterity for 236 gold pieces
 20303 | D:12     | Noticed Urug
 20309 | D:12     | Killed Urug
 20883 | D:13     | Found a gate to the Vaults.
 20932 | D:13     | Reached skill level 14 in Armour
 21386 | D:13     | Noticed Snorg
 21395 | D:13     | Killed Snorg
 21812 | D:13     | Found a runed translucent gate.
 21812 | D:13     | Found a runed translucent gate.
 21812 | D:13     | Found an opulent altar of Gozag.
 21812 | D:13     | Found a runed translucent gate.
 21816 | D:13     | Noticed Huifron's ghost (journeyman GnTm)
 22093 | D:14     | Reached XP level 16. HP: 130/130 MP: 23/23
 22121 | D:14     | Found a hazy altar of Hepliaklqana.
 22411 | D:14     | Noticed Nessos
 22419 | D:14     | Killed Nessos
 22508 | D:14     | Noticed Kirke
 22537 | D:14     | Killed Kirke
 22591 | D:14     | Noticed Agnes
 22598 | D:14     | Killed Agnes
 22647 | D:14     | Reached skill level 15 in Armour
 22934 | D:15     | Entered Level 15 of the Dungeon
 22952 | D:15     | Noticed Roxanne
 23272 | D:15     | Found a staircase to the Depths.
 23707 | Elf:1    | Entered Level 1 of the Elven Halls
 23768 | Elf:1    | Reached skill level 10 in Invocations
 23881 | Elf:1    | Found a radiant altar of Vehumet.
 23905 | Elf:1    | Noticed Azrael
 23911 | Elf:1    | Reached skill level 10 in Dodging
 23919 | Elf:1    | Paralysed by an air elemental for 1 turns
 23921 | Elf:1    | Killed Azrael
 23924 | Elf:1    | Paralysed by an air elemental for 1 turns
 23997 | Elf:1    | Got Wecuxauf's Compendium of Conjuration and the Entourage
 24198 | Elf:1    | Found Umoniowix's Antique Weapon Shop.
 24203 | Elf:1    | Found Sudish's Magic Scroll Boutique.
 24204 | Elf:1    | Found Wygaborph's Assorted Antiques.
 24389 | Elf:1    | Noticed Aizul
 24403 | Elf:1    | Killed Aizul
 24554 | Elf:1    | Reached XP level 17. HP: 140/140 MP: 22/24
 24795 | Orc:2    | Bought the ring "Cudeth" {rF++ rC+ Will+ Int+2} for 948
                  | gold pieces
 24873 | Elf:2    | Reached skill level 16 in Armour
 25343 | Elf:2    | Found a runed translucent gate.
 25344 | Elf:2    | Found a runed translucent gate.
 25344 | Elf:2    | Found a runed translucent gate.
 25386 | Elf:2    | Reached skill level 15 in Fighting
 26288 | Elf:3    | Entered Level 3 of the Elven Halls
 26394 | Elf:3    | Reached skill level 17 in Armour
 26460 | Elf:3    | Identified the ring "Fol Pyuk" {rPois Will+}
 26477 | Elf:3    | Identified the +7 war axe of the Secret Xenophobes {vorpal,
                  | rElec Will++}
 26502 | Elf:3    | Identified the +2 quarterstaff "Rucouf" {speed, Int+3}
 26723 | Elf:3    | Reached XP level 18. HP: 151/151 MP: 26/26
 26807 | Elf:3    | Got Iffuseoc's Guide on Ashen Toxins
 26817 | Elf:3    | Got the Tome of Nocuous Confrontation
 26819 | Elf:3    | Got Woerch's Handbook of Confrontation
 26824 | Elf:3    | Paralysed by an air elemental for 1 turns
 26848 | Elf:3    | Cast into level 2 of the Abyss (a deep elf sorcerer)
 27017 | Abyss:2  | Paralysed by a great orb of eyes for 7 turns
 27310 | Elf:3    | Escaped the Abyss
 27462 | Elf:3    | Identified the +8 spear "Xamuq" {speed, Dex+2}
 27963 | Elf:2    | Reached skill level 18 in Armour
 28024 | Elf:2    | Learned a level 5 spell: Borgnjor's Vile Clutch
 28378 | Snake:1  | Entered Level 1 of the Snake Pit
 28385 | Snake:1  | Reached skill level 1 in Necromancy
 28385 | Snake:1  | Reached skill level 1 in Earth Magic
 28496 | Snake:1  | Learned a level 3 spell: Stone Arrow
 29043 | Snake:1  | Noticed Asterion
 29057 | Snake:1  | Killed Asterion
 29116 | Snake:1  | Identified the amulet "Wofi" {Acrobat rPois rC- Will+}
 29519 | Snake:2  | Found a transporter.
 29843 | Snake:2  | Found Jineogag's General Store.
 30321 | Snake:2  | Found a transporter.
 30395 | Snake:2  | Noticed Nikola
 30422 | Snake:2  | Killed Nikola
 30731 | Snake:2  | Identified the ring of Quybeghe {rPois MP+9}
 30740 | Snake:2  | Identified the ring "Veriuc" {Ice rPois rN+ MP+9 Int-5}
 31061 | Snake:3  | Found an ancient bone altar of Kikubaaqudgha.
 31110 | Snake:3  | Reached XP level 19. HP: 132/159 MP: 24/29
 31631 | Snake:4  | Entered Level 4 of the Snake Pit
 31649 | Snake:4  | Reached skill level 5 in Earth Magic
 31836 | Snake:4  | Reached skill level 5 in Necromancy
 33225 | Snake:4  | Got a serpentine rune of Zot
 33593 | Shoals:1 | Entered Level 1 of the Shoals
 33773 | Shoals:1 | Noticed Louise
 33806 | Shoals:1 | Killed Louise
 34837 | Shoals:2 | Reached XP level 20. HP: 138/167 MP: 12/33
 35015 | Shoals:2 | Reached skill level 10 in Spellcasting
 36507 | Shoals:4 | Entered Level 4 of the Shoals
 36529 | Shoals:4 | Reached skill level 5 in Evocations
 37004 | Shoals:4 | Found a shimmering blue altar of Sif Muna.
 37313 | Shoals:4 | Got a barnacled rune of Zot
 37851 | D:7      | Bought a book of Iron for 360 gold pieces
 37856 | D:7      | Learned a level 4 spell: Animate Armour
 37863 | D:7      | Learned a level 6 spell: Iron Shot
 38026 | Vaults:1 | Entered Level 1 of the Vaults
 38053 | Vaults:1 | Reached skill level 1 in Summonings
 38067 | Vaults:1 | Reached skill level 1 in Conjurations
 38659 | Elf:1    | Bought a scroll of blinking for 127 gold pieces
 38659 | Elf:1    | Bought a scroll of enchant weapon for 127 gold pieces
 38659 | Elf:1    | Bought a scroll of teleportation for 51 gold pieces
 38659 | Elf:1    | Bought a scroll of teleportation for 51 gold pieces
 38659 | Elf:1    | Bought a scroll of blinking for 127 gold pieces
 38659 | Elf:1    | Bought a scroll of teleportation for 51 gold pieces
 38664 | Elf:1    | Bought a scroll of enchant weapon for 307 gold pieces
 38664 | Elf:1    | Bought a potion of heal wounds for 205 gold pieces
 38976 | Vaults:1 | Reached XP level 21. HP: 175/175 MP: 35/35
 39621 | Vaults:1 | Reached skill level 5 in Summonings
 39812 | Vaults:1 | Reached skill level 5 in Conjurations
 40059 | Vaults:2 | HP: 6/175 [cyan very ugly thing (18)]
 40405 | Vaults:2 | Reached skill level 10 in Earth Magic
 40612 | Vaults:2 | Found Uhipapik's Book Shoppe.
 40619 | Vaults:2 | Bought a book of Spatial Translocations for 312 gold pieces
 40622 | Vaults:2 | Learned a level 2 spell: Blink
 40675 | Vaults:2 | Found a staircase to the Crypt.
 40675 | Vaults:2 | Found a basalt altar of Yredelemnul.
 40675 | Vaults:2 | Found an ancient bone altar of Kikubaaqudgha.
 40986 | Vaults:2 | Reached skill level 1 in Translocations
 41417 | Vaults:3 | Reached XP level 22. HP: 162/182 MP: 25/36
 42073 | Vaults:3 | Acquired the +1 pair of boots of Fampiage {rPois}
 42418 | Vaults:3 | Found Zienih's Weapon Shoppe.
 43342 | Vaults:4 | Reached skill level 10 in Conjurations
 44024 | Vaults:5 | Entered Level 5 of the Vaults
 44025 | Vaults:5 | Identified the +2 glaive of the Hall of Blades {vamp,
                  | Will+++}
 44025 | Vaults:5 | Noticed a dread lich
 44025 | Vaults:5 | Noticed Frederick
 44026 | Vaults:5 | Noticed Bai Suzhen
 44174 | Vaults:4 | Killed a dread lich
 44499 | Vaults:4 | Killed Bai Suzhen
 44673 | Vaults:5 | Noticed an ancient lich
 44681 | Vaults:4 | Reached XP level 23. HP: 188/188 MP: 38/38
 44743 | Vaults:4 | Killed an ancient lich
 45218 | Vaults:4 | Reached skill level 19 in Armour
 46032 | Vaults:5 | Noticed a dread lich
 46063 | Vaults:5 | Killed a dread lich
 46189 | Vaults:5 | Noticed Xtahua
 46206 | Vaults:4 | Killed Xtahua
 46548 | Vaults:5 | Identified the +9 glaive of the Shoals {speed, rF+ Str-5
                  | Dex+4}
 46903 | Vaults:5 | Noticed a dread lich
 47149 | Vaults:4 | Killed a dread lich
 47841 | Vaults:5 | Killed Frederick
 47962 | Vaults:5 | Got a silver rune of Zot
 48040 | Vaults:5 | Identified the +6 chain mail of Impatience {rN+ Will+ Str+3
                  | Int-5}
 48042 | Vaults:5 | Identified the +1 plate armour of Broken Taboos {Harm
                  | Regen+ Stlth-}
 48045 | Vaults:5 | Got the Grimoire of Summoning
 48318 | Vaults:5 | Noticed Sojobo
 48325 | Vaults:5 | Killed Sojobo
 48326 | Vaults:5 | Reached skill level 20 in Armour
 48604 | Vaults:5 | Reached XP level 24. HP: 178/195 MP: 6/40
 48827 | Vaults:5 | Noticed Jory
 48832 | Vaults:5 | Killed Jory
 49699 | Depths:1 | Entered Level 1 of the Depths
 49849 | Depths:1 | Found Vasuudgh's Book Shoppe.
 49850 | Depths:1 | Found Dazximasy's Magic Scroll Shoppe.
 49850 | Depths:1 | Found Toxirrif's Distillery.
 49853 | Depths:1 | Found Hih Afos's General Store.
 49911 | Depths:1 | Bought a potion of heal wounds for 75 gold pieces
 49911 | Depths:1 | Bought a potion of might for 60 gold pieces
 49914 | Depths:1 | Bought a potion of heal wounds for 105 gold pieces
 49917 | Depths:1 | Bought a scroll of enchant weapon for 150 gold pieces
 49917 | Depths:1 | Bought 2 scrolls of enchant armour for 300 gold pieces
 49917 | Depths:1 | Bought 2 scrolls of enchant weapon for 300 gold pieces
 49917 | Depths:1 | Bought a scroll of teleportation for 60 gold pieces
 49917 | Depths:1 | Bought a scroll of enchant weapon for 150 gold pieces
 49929 | Depths:1 | Found a gateway to a ziggurat.
 50006 | Depths:1 | Found a sparkling altar of Nemelex Xobeh.
 50193 | Depths:1 | Found a gateway to Hell.
 52168 | Depths:2 | Learned a level 1 spell: Apportation
 52235 | Depths:3 | Found a one-way gate to the infinite horrors of the Abyss.
 52461 | Depths:3 | Reached skill level 15 in Dodging
 52561 | Depths:3 | Reached XP level 25. HP: 206/206 MP: 41/41
 52733 | Depths:3 | Reached skill level 21 in Armour
 52884 | Depths:3 | Identified the +9 hand axe of the Pits of Slime {vorpal,
                  | rElec rC++ Str+3 Int-2}
 53242 | Depths:3 | Found a runed translucent door.
 53243 | Depths:3 | Noticed Qipyogro's ghost (adept MfGl)
 53362 | Depths:4 | Entered Level 4 of the Depths
 54020 | Depths:4 | Found a gate to the Realm of Zot.
 54161 | Depths:4 | Reached skill level 15 in Earth Magic
 54233 | Depths:4 | Reached skill level 15 in Conjurations
 54416 | Zot:1    | Entered Level 1 of the Realm of Zot
 54572 | Zot:2    | Noticed an orb of fire
 54598 | Zot:2    | Gained mutation: You are clumsy. (Dex -2) [an orb of fire]
 54601 | Zot:2    | Killed an orb of fire
 54602 | Zot:2    | Reached skill level 15 in Spellcasting
 54780 | Zot:2    | Identified the +0 scale mail of Yriam {Rampage +Blink rF+
                  | Int+4}
 54967 | Zot:3    | Identified the +0 chain mail of the End {rElec rCorr Dex-3
                  | Slay+3}
 55187 | Zot:3    | Got the Tome of Lightness
 55310 | Zot:3    | Reached skill level 22 in Armour
 55315 | Zot:3    | You fall into a shaft and drop 1 floor!
 55353 | Zot:4    | Reached XP level 26. HP: 142/217 MP: 19/42
 55477 | Zot:5    | Entered Level 5 of the Realm of Zot
 55769 | Zot:5    | Found the +3 salamander hide armour {Flames rF++ rC--}
 56916 | Zot:5    | Noticed an orb of fire
 56918 | Zot:5    | Gained mutation: You do not regenerate when monsters are
                  | visible. [an orb of fire]
 56919 | Zot:5    | Noticed a dread lich
 56921 | Zot:5    | Noticed an ancient lich
 56924 | Zot:5    | Noticed an orb of fire
 56926 | Zot:5    | Demolished by an Orb Guardian

Illustrated notes

Levels and vault maps discovered:
D:1:      dpeg_arrival_lava_altar, layout_basic, serial_shops, shop
D:2:      minmay_inner_zag, layout_basic, ebering_ecumenical_altar_rust,
          serial_bayou_pond_a, grunt_ministairs_11
D:3:      layout_basic
D:4:      layout_basic, minmay_temple_entry_gardened_gates, serial_shops,
          nicolae_square_shop, shop, kennysheep_mini_moat, nicolae_shop_trees,
          shop, corexii_item_surrounded_by_moat, uniq_sigmund
D:5:      layout_loops_corners
D:6:      layout_loops_corners
D:7:      layout_basic, nicolae_take_the_stairs, minmay_misc_feat_tower,
          minmay_between, uniq_crazy_yiuf_cottage
D:8:      layout_basic, marbit_many_paths
D:9:      gammafunk_indiana_jones, layout_basic, lair_entry_dummy, orc_0_dummy,
          serial_shops, nicolae_shop_trees, shop, nicolae_shop_stone,
          nicolae_shop_waterfront, shop_fountains, nicolae_elemental_shop,
          grunt_ministairs_5, minmay_ruffians
D:10:     layout_roguey, hellmonk_bongcloud_opening, kennysheep_big_empty_room,
          minmay_liquid_box
D:11:     layout_loops_cross, gauntlet_entry_generic,
          portal_ice_cave_entry_ice_simulacra, grunt_gozag_breadcrumbs
D:12:     layout_loops_ring, uniq_urug
D:13:     layout_loops_ring, skrybe_vaults_entry_preservation,
          ebering_ghost_gozag, uniq_snorg
D:14:     layout_basic, nicolae_hepliaklqana_hippocampus, lemuel_old_faithful,
          uniq_agnes, uniq_nessos, uniq_kirke
D:15:     hangedman_depths_entry_try_elsewhere_first, layout_cave_pools,
          minmay_misc_feat_x, uniq_roxanne
Temple:   kilobyte_greek_temple
Lair:1:   layout_regular_city, grunt_megastairs_4, serial_bayou_shore_a,
          lemuel_fruit_fields
Lair:2:   layout_cave_pods, special_room [special_room_bee],
          eino_small_chamber_without_monster, uniq_sonja, uniq_harold
Lair:3:   layout_cave_pods, minmay_shoals_entry_centaurs, grunt_megastairs_5,
          uniq_fannar
Lair:4:   layout_layer_cave, guppyfry_snake_entry_island
Lair:5:   layout_cave_pods
Lair:6:   minmay_lair_end_frog_pond, layout_cave_shapes, slime_altar_1,
          dpeg_oklob_1
Shoals:1: layout_shoals, nicolae_shoals_water_booths, uniq_louise
Shoals:2: cheibrodos_shoals_roost, layout_shoals,
          nicolae_shoals_spring_well_temple
Shoals:3: layout_shoals, nicolae_shoals_seven_spires,
          nicolae_shoals_siren_and_animal_friends
Shoals:4: shoals_end_hangedman, layout_shoals, lemuel_altar_in_water,
          nicolae_shoals_kraken_party
Snake:1:  layout_grid_maze, uniq_asterion
Snake:2:  gammafunk_its_a_trap, layout_onion, serial_shops, shop,
          grunt_megastairs_2, uniq_nikola
Snake:3:  layout_cave_town, basic_altar
Snake:4:  grunt_snake_rune_serpentine_throne, layout_cave_town
Orc:1:    layout_diamond_mine
Orc:2:    st_orc_ogre_mass, layout_caves, basic_altar, serial_shops, shop, shop,
          shop, minmay_orc_temple_b, uniq_rupert
Elf:1:    elf_arrival_002, layout_onion_city, basic_altar, minmay_elf_sorcery,
          minmay_shop_star, uniq_aizul, uniq_azrael
Elf:2:    nicolae_elf_blades_crystal_corner, layout_onion_city
Elf:3:    grunt_elf_hall_spiral, layout_geoelf_grid
Vaults:1: v_rooms_4, v_alt_pattern_5, nicolae_vaults_big_ls, st_quartered_hall,
          v_alt_pattern_1, v_alt_pattern_4, vaults_room_door_hall,
          ontoclasm_vaults_twist, ontoclasm_vaults_hangar,
          ontoclasm_vaults_ring_square, nicolae_vaults_diagonal_hallway_7,
          nicolae_vaults_theta, ontoclasm_vaults_ligature, v_rooms_6,
          nicolae_vaults_alarming, layout_vaults_omnibox
Vaults:2: nicolae_vaults_three_branches, hangedman_vaults_unwind,
          nicolae_vaults_little_ls, vaults_dpeg_hooks, vaults_mumra_hexcomb,
          hangedman_vaults_corner, hangedman_vaults_cutoff,
          ontoclasm_vaults_decontamination, special_room_vaults
          [special_room_orc], minmay_crypt_entry_necro_gods,
          ontoclasm_vaults_eye, v_misc_24, layout_vaults_omnicross,
          serial_shops, shop
Vaults:3: v_misc_30, v_rooms_2, vaults_mumra_chevron_long, v_misc_28,
          dpeg_vaults_monster_box, vaults_room_grid, hangedman_vaults_capsules,
          ontoclasm_vaults_bender, ontoclasm_vaults_shuriken, v_misc_23,
          vaults_room_ringed_pool, nicolae_vaults_little_squares_3,
          vaults_mumra_minichess, vaults_dpeg_encased_lava,
          vaults_dpeg_diagonal, nicolae_vaults_ring_of_whatevers,
          layout_vaults_ring
Vaults:4: nicolae_vaults_ring_of_whatevers, v_misc_10, ontoclasm_vaults_chip,
          nicolae_vaults_mini_display_case, nicolae_vaults_little_squares_3,
          st_star, nicolae_vaults_specimen_jars, layout_vaults_big_room
Vaults:5: uniq_jory, uniq_frederick, uniq_sojobo, uniq_xtahua, uniq_bai_suzhen
Depths:1: layout_gridlike, enter_ziggurat_c, roderic_lattice_a,
          hangedman_tar_grid_catacomb, st_stairs_12, nemelex_spade_bored_becter,
          minmay_shoptagon, firewood_loft
Depths:2: nzn_winding_woodlands_huge [nzn_winding_woodlands_5x15_sidewinder,
          nzn_winding_woodlands_5x15_pathside_ponds,
          nzn_winding_woodlands_5x15_parted, nzn_winding_woodlands_5x15_default,
          nzn_winding_woodlands_5x15_zeroes,
          nzn_winding_woodlands_5x15_sawtooth,
          nzn_winding_woodlands_5x15_longhouse,
          nzn_winding_woodlands_5x15_river_crossing,
          nzn_winding_woodlands_5x15_crooked,
          nzn_winding_woodlands_5x15_concentric,
          nzn_winding_woodlands_center_garden,
          nzn_winding_woodlands_center_diamonds,
          nzn_winding_woodlands_15x15_five_gardens], layout_basic, hell_entry,
          kennysheep_crisscross, grunt_pan_entry_spiral
Depths:3: evilmike_cross, layout_basic, grunt_decor_mini_mirrors, abyss_entry,
          grunt_mini_vestibule, gammafunk_ghost_grave, minmay_staircase_bubble
Depths:4: evilmike_zot_entry_round, layout_cave_shapes, columned_hall_lemuel,
          pf_coc_iceberg, onia_ninara_cookie
Zot:1:    layout_twisted_circle, zot_minivault_5
Zot:2:    layout_basic
Zot:3:    regret_index_qazlal_generations, layout_basic, nicolae_lava_and_water
Zot:4:    layout_basic
Zot:5:    layout_cathedral_of_symmetry

Skill      XL: |  1  2  3  4  5  6  7  8  9 10 11 12 13 14 15 16 17 18 19 20 21 22 23 24 25 26 |
---------------+-------------------------------------------------------------------------------+-----
Long Blades    | 3 4 5 6 7 8 9 11 12 14 | 14.0
Fighting       | 2 3 4 5 7 11 13 14 16 17 18 19 20 | 20.4
Armour         | 2 4 5 7 8 9 11 13 14 15 17 18 20 22 | 22.5
Dodging        | 1 2 5 8 10 12 13 15 16 17 | 17.1
Evocations     | 1 3 4 7 |  7.0
Shields        | 1 4 6 8 10 12 15 16 19 20 | 20.8
Invocations    | 1 3 5 6 7 9 10 11 12 | 12.0
Ice Magic      | 3 6 8 |  8.0
Spellcasting   | 4 5 6 9 10 11 13 14 15 | 15.0
Necromancy     | 4 7 8 |  8.0
Earth Magic    | 4 8 10 12 13 14 15 | 15.0
Summonings     | 3 6 |  6.0
Conjurations   | 3 7 11 13 14 15 | 15.0
Translocations | 3 |  3.0
Throwing       | |  1.0
Stealth        | |  1.7

Action                   |  1- 3 |  4- 6 |  7- 9 | 10-12 | 13-15 | 16-18 | 19-21 | 22-24 | 25-27 || total
-------------------------+-------+-------+-------+-------+-------+-------+-------+-------+-------++-------
Melee: Falchion          |   122 |   219 |   268 |       |       |       |       |       |       ||   609
       Scimitar          |       |       |   198 |   706 |   892 |  1206 |   853 |       |       ||  3855
       Flail             |       |       |       |    12 |       |       |       |       |       ||    12
       Unarmed           |       |       |       |       |       |     2 |       |       |       ||     2
       Demon blade       |       |       |       |       |       |       |   453 |  1188 |   682 ||  2323
 Cast: Frozen Ramparts   |       |       |       |    21 |    14 |    14 |    16 |     9 |       ||    74
       Stone Arrow       |       |       |       |       |       |    22 |     6 |       |       ||    28
       Borgnjor's Vile C |       |       |       |       |       |       |   112 |   185 |    59 ||   356
       Animate Armour    |       |       |       |       |       |       |     3 |    16 |     6 ||    25
       Iron Shot         |       |       |       |       |       |       |       |    74 |    39 ||   113
       Blink             |       |       |       |       |       |       |       |     3 |       ||     3
Invok: Slouch            |       |       |       |     4 |     7 |    19 |    14 |    10 |     3 ||    57
       Bend Time         |       |       |       |       |       |     1 |       |       |     1 ||     2
       Temporal Distorti |       |       |       |       |       |     1 |     1 |     8 |     1 ||    11
 Abil: Hop               |       |     1 |     1 |       |     1 |       |       |       |       ||     3
Evoke: Wand              |       |     6 |     9 |     3 |     3 |    38 |    15 |    19 |    11 ||   104
       Condenser vane    |       |       |       |       |       |     2 |     2 |     3 |       ||     7
  Use: Scroll            |       |     5 |     4 |    12 |    13 |    10 |     7 |    10 |     6 ||    67
       Potion            |       |     1 |     1 |     2 |       |     4 |     2 |       |     3 ||    13
 Stab: Sleeping          |     1 |       |       |       |       |       |       |       |       ||     1
       Distracted        |       |       |       |       |     2 |     1 |     1 |       |       ||     4
       Confused          |       |       |       |       |       |       |     9 |       |       ||     9
Armor: Robe              |     6 |       |       |       |       |       |       |       |       ||     6
       Ring mail         |    43 |   109 |     5 |       |       |       |       |       |       ||   157
       Skin              |       |    35 |       |       |       |     3 |       |       |       ||    38
       Chain mail        |       |       |   347 |   364 |   299 |   405 |   465 |   102 |       ||  1982
       Storm dragon scal |       |       |       |       |       |       |       |   339 |   341 ||   680
Dodge: Dodged            |    65 |   125 |   176 |   247 |   322 |   655 |   925 |   699 |   554 ||  3768
Block: Kite shield       |       |       |    91 |   558 |   667 |   915 |  1399 |  1118 |   651 ||  5399
       Reflection        |       |       |       |       |       |       |       |       |     6 ||     6

Table legend: (Time is in decaauts)
 A = Elapsed time spent in this place.
 B = Non-inter-level travel time spent in this place.
 C = Inter-level travel time spent in this place.
 D = Time resting spent in this place.
 E = Time spent auto-exploring this place.
 F = Levels seen in this place.
 G = Mean time per level.
                   A        B        C        D        E       F      G
               +--------+--------+--------+--------+--------+-----+--------+
         Total |  93814 |  85429 |   8385 |  14094 |  55522 |  52 | 1804.1 |
       Dungeon |  25859 |  22242 |   3617 |   3465 |  14809 |  15 | 1723.9 |
        Temple |    182 |    123 |     59 |      0 |    105 |   1 |  182.0 |
          Lair |  13306 |  12004 |   1302 |    247 |  10203 |   6 | 2217.7 |
        Shoals |   7431 |   7072 |    359 |    884 |   4839 |   4 | 1857.8 |
     Snake Pit |   9013 |   8398 |    615 |   1191 |   5959 |   4 | 2253.2 |
  Orcish Mines |   2338 |   1700 |    638 |     30 |   1308 |   2 | 1169.0 |
   Elven Halls |   6898 |   6287 |    611 |    938 |   3747 |   3 | 2299.3 |
        Vaults |  16657 |  15801 |    856 |   4554 |   8249 |   5 | 3331.4 |
        Depths |   7625 |   7302 |    323 |   1179 |   4539 |   4 | 1906.2 |
           Zot |   3361 |   3361 |      0 |   1384 |   1139 |   5 |  672.2 |
         Abyss |    624 |    624 |      0 |    160 |    289 |   1 |  624.0 |
      Ice Cave |    124 |    124 |      0 |     59 |      0 |   1 |  124.0 |
      Gauntlet |    392 |    392 |      0 |      0 |    332 |   1 |  392.0 |
               +--------+--------+--------+--------+--------+-----+--------+

Top non-repeatable levels by time:
Vaults:4: 5874 daAuts
     D:9: 3384 daAuts
 Snake:4: 3070 daAuts
Vaults:3: 3025 daAuts
   Elf:2: 2797 daAuts
Vaults:1: 2742 daAuts
Vaults:5: 2687 daAuts
  Lair:5: 2616 daAuts
  Lair:4: 2590 daAuts
 Snake:2: 2584 daAuts
  Lair:3: 2559 daAuts
   Elf:1: 2506 daAuts
    D:13: 2418 daAuts
Vaults:2: 2327 daAuts
     D:1: 2277 daAuts
